 Dungeon Crawl Stone Soup version 0.18.1-8-gdd0e5ea (webtiles) character file.

249 Jojapa the Magician (level 5, -13/28 HPs)
             Began as a Deep Elf Wizard on May 24, 2016.
             Killed by divine providence
             ... invoked by an orc priest
              (14 damage)
             ... on level 4 of the Dungeon.
             The game lasted 00:05:58 (3780 turns).

Jojapa the Magician (Deep Elf Wizard)               Turns: 3780, Time: 00:05:58

Health: -13/28     AC:  3    Str:  4    XL:     5   Next: 86%
Magic:  1/15       EV: 17    Int: 24    God:
Gold:   165        SH:  3    Dex: 13    Spells: 5 memorised, 5 levels left

rFire  . . .     SeeInvis .     (no weapon)
rCold  . . .     Gourm    .     f - +0 leather armour
rNeg   + . .     Faith    .     (no shield)
rPois  .         Spirit   .     b - +0 hat
rElec  .         Dismiss  .     (no cloak)
rCorr  .         Reflect  +     (no gloves)
SustAt .         Harm     .     (no boots)
MR     .....                    o - +3 amulet of reflection
Stlth  ++........               k - ring of positive energy
                                e - +6 ring of evasion (curse)

@: not resistant to hostile enchantments, unstealthy
A: no striking features
a: no special abilities


You were on level 4 of the Dungeon.
You were hungry.

You visited 1 branch of the dungeon, and saw 4 of its levels.

You collected 165 gold pieces.

Inventory:

Armour
 a - a +0 robe
 b - a +0 hat (worn)
 f - a +0 leather armour (worn)
Jewellery
 e - a cursed +6 ring of evasion (left hand)
 k - a ring of positive energy (right hand)
 o - a +3 amulet of reflection (around neck)
Wands
 m - a wand of teleportation (2/9)
Scrolls
 g - a scroll of noise {unknown}
 h - a scroll of magic mapping {unknown}
 j - a scroll of remove curse {unknown}
 n - 3 scrolls of identify {unknown}
Potions
 i - a potion of curing {unknown}
 l - 2 potions of cure mutation {unknown}
 q - a potion of berserk rage {unknown}
 s - a potion of agility {unknown}
Books
 c - a book of Minor Magic

   Spells                             Type                      Level
   a - Magic Dart                     Conjuration                  1
   b - Blink                          Translocation                2
   c - Call Imp                       Summoning                    2
   d - Repel Missiles                 Charms/Air                   2
   e - Slow                           Hexes                        2
   f - Conjure Flame                  Conjuration/Fire             3
   g - Mephitic Cloud                 Conjuration/Poison/Air       3
Comestibles
 d - 3 bread rations
 p - a royal jelly


   Skills:
 - Level 2.4 Dodging
 - Level 2.4 Stealth
 + Level 6.3 Spellcasting
 * Level 5.2 Conjurations
   Level 1.1 Summonings
 - Level 1.1 Translocations


You had 5 spell levels left.
You knew the following spells:

 Your Spells              Type           Power        Failure   Level  Hunger
a - Magic Dart            Conj           ####         1%          1    None
b - Blink                 Tloc           N/A          14%         2    None
c - Repel Missiles        Chrm/Air       #.....       21%         2    None
d - Mephitic Cloud        Conj/Pois/Air  ###.....     24%         3    None
e - Conjure Flame         Conj/Fire      ###.....     17%         3    None


Dungeon Overview and Level Annotations

Branches:
Dungeon (4/15)
 Temple: D:4-7

Altars:
Cheibriados
Xom

Annotations:
D:3 Sigmund


Message History

Confirm with . or Enter, or press ? or * to list all spells.
Aiming: Magic Dart
Press: ? - help, Shift-Dir - straight line, f/p - orc priest
Aim: an orc priest, wielding a flail and wearing a leather armour (severely wounded)
The magic dart hits the orc.
You kill the orc!
The orc priest mumbles some strange prayers to Beogh against you.
Beogh smites you!
* * * LOW HITPOINT WARNING * * *
Casting: Magic Dart
Confirm with . or Enter, or press ? or * to list all spells.
Aiming: Magic Dart
Press: ? - help, Shift-Dir - straight line, f/p - orc priest
Aim: an orc priest, wielding a flail and wearing a leather armour (severely wounded)
The magic dart hits the orc priest.
The orc priest is almost dead.
The orc priest mumbles some strange prayers to Beogh against you.
Beogh smites you!
Ouch! That really hurt!
You die...

#. #. ##### #.
##########...####.
#..........[....#.
#.######.........#
#.# #........(...
#.# #.#.........#
#@# #.###...##.##
#.#.#
#.......##... #o#
#.##.####.######
.o# #..<## #.# #.#
##.#...###.# #.
#..........# #
#.###...#####
##.## #..


You could see an orc priest and an orc.

Vanquished Creatures
  2 orc priests
  Terence (D:3)
  A worker ant (D:4)
  3 gnolls
  5 adders
  4 worms
  2 giant geckos (D:2)
  4 orcs
  2 ball pythons (D:2)
  2 giant cockroaches
  8 goblins
  6 hobgoblins
  3 kobolds
  2 quokkas
  3 bats
  A giant newt (D:1)
  5 rats
54 creatures vanquished.

Notes
Turn   | Place    | Note
--------------------------------------------------------------
     0 | D:1      | Jojapa the Deep Elf Wizard began the quest for the Orb.
     0 | D:1      | Reached XP level 1. HP: 10/10 MP: 7/7
   895 | D:2      | Reached XP level 2. HP: 15/15 MP: 3/9
  1004 | D:2      | Found a shimmering altar of Xom.
  1212 | D:2      | Reached skill level 5 in Spellcasting
  1384 | D:2      | Reached XP level 3. HP: 19/19 MP: 7/11
  1629 | D:2      | Learned a level 2 spell: Blink
  1632 | D:2      | Learned a level 2 spell: Repel Missiles
  1636 | D:2      | Learned a level 3 spell: Mephitic Cloud
  1640 | D:2      | Learned a level 3 spell: Conjure Flame
  2231 | D:3      | Reached XP level 4. HP: 24/24 MP: 10/13
  2452 | D:3      | Noticed Terence
  2460 | D:3      | Killed Terence
  2805 | D:3      | Found a snail-covered altar of Cheibriados.
  2846 | D:3      | Reached XP level 5. HP: 28/28 MP: 6/15
  3224 | D:3      | Reached skill level 6 in Spellcasting
  3312 | D:3      | Found a faded altar to an unknown god.
  3316 | D:3      | Noticed Sigmund
  3582 | D:4      | Reached skill level 5 in Conjurations
  3779 | D:4      | HP: 1/28 [orc priest/divine providence (13)]
  3780 | D:4      | Killed from afar by an orc priest

Skill      XL: |  1  2  3  4  5 |
---------------+----------------+-----
Conjurations   | 2 3 4 5 |  5.2
Spellcasting   | 5 6 |  6.3
Dodging        | |  2.4
Stealth        | |  2.4
Summonings     | |  1.1
Translocations | |  1.1

Action                   |  1- 3 |  4- 6 || total
-------------------------+-------+-------++-------
Melee: Unarmed           |     1 |       ||     1
 Cast: Magic Dart        |    88 |    92 ||   180
       Mephitic Cloud    |       |     3 ||     3
       Blink             |       |     4 ||     4
       Conjure Flame     |       |     1 ||     1
  Eat: Chunk             |     4 |     4 ||     8
Armor: Leather armour    |       |     2 ||     2
Dodge: Dodged            |    14 |    18 ||    32
